 Dungeon Crawl Stone Soup version 0.21.1-1-g345015f (webtiles) character file.

118 infcreate the Shield-Bearer (level 4, -20/41 HPs)
             Began as a Minotaur Fighter on May 1, 2018.
             Demolished by an ogre
             ... wielding a +0 giant club
              (21 damage)
             ... on level 3 of the Dungeon.
             The game lasted 00:12:43 (2355 turns).

infcreate the Shield-Bearer (Minotaur Fighter)      Turns: 2355, Time: 00:12:44

Health: -20/41     AC:  8    Str: 22    XL:     4   Next: 72%
Magic:  3/3        EV:  7    Int:  5    God:
Gold:   193        SH:  9    Dex:  9    Spells: 3/3 levels left

rFire    . . .     SeeInvis .   a - +0 war axe
rCold    . . .     Gourm    .   c - +0 shield
rNeg     . . .     Faith    .   b - +0 scale mail
rPois    .         Spirit   .   (helmet restricted)
rElec    .         Reflect  .   (no cloak)
rCorr    .         Harm     .   (no gloves)
MR       .....                  q - +0 pair of boots
Stlth    ..........             (no amulet)
HPRegen  0.13/turn              (no ring)
MPRegen  0.08/turn              (no ring)

@: no status effects
A: retaliatory headbutt, horns 2
a: no special abilities


You were on level 3 of the Dungeon.
You were hungry.

You visited 1 branch of the dungeon, and saw 4 of its levels.

You collected 193 gold pieces.

Inventory:

Hand Weapons
 a - a +0 war axe (weapon)
Armour
 b - a +0 scale mail (worn)
 c - a +0 shield (worn)
 q - a +0 pair of boots (worn)
Scrolls
 e - a scroll of immolation
 g - 2 scrolls of identify
 i - a scroll of enchant weapon {unknown}
 l - a scroll of teleportation {unknown}
 m - 2 scrolls of enchant armour {unknown}
 p - a scroll of remove curse {unknown}
 r - a scroll of magic mapping {unknown}
 s - a scroll of blinking {unknown}
Potions
 d - 2 potions of might
 h - a potion of cancellation
 j - a potion of brilliance {unknown}
 k - 3 potions of magic {unknown}
 n - a potion of flight {unknown}
 o - 2 potions of heal wounds {unknown}
 t - a potion of resistance {unknown}
 u - a potion of invisibility
 v - a potion of degeneration {unknown}
Comestibles
 f - 4 rations


   Skills:
 + Level 4.3 Fighting
 + Level 3.8 Axes
 + Level 4.4 Armour
 + Level 4.7 Shields


You had 3 spell levels left.
You didn't know any spells.

Dungeon Overview and Level Annotations

Branches:
Dungeon (4/15)
 Temple: D:4-7

Altars:


Innate Abilities, Weirdness & Mutations

You reflexively headbutt those who attack you in melee.
You have a pair of horns on your head.


Message History

The ogre hits you with a giant club!
You hit the ogre. You headbutt the ogre!
The ogre is moderately wounded.
The ogre closely misses you. The iguana bites you.
You block the iguana's attack.
There is a stone staircase leading up here.
You can't go down here!
You block the ogre's attack.
You climb upwards.
There is a stone staircase leading down here.
You hit the ogre.
The ogre is heavily wounded.
The ogre hits you with a giant club!!
Ouch! That really hurt!
* * * LOW HITPOINT WARNING * * *
You hit the ogre but do no damage. Your headbutt misses the ogre.
The ogre is heavily wounded.
The ogre hits you with a giant club!!
Ouch! That really hurt!
You die...

######## ######## #......#
#......######### #.####.#
#.####.........# #.# #.#
#.# #..######.#
#.####.#####.####..######.#
#.##.........##........##.#
#.##.#.####...#.#..###.##.#
#...)).# #.@O...#..# #.##.#
####)### ##........###.##.#
#.# #..##.##>.(.....# #.#
#.....######.#### ######.#
##.#### #.# #......# ##'##
#.# #.####.# ##...## #.####
#......# ##.....## #....#
#.##.#.# ##.......##
##.##.#


You could see an ogre.

Vanquished Creatures
  4 gnolls (D:3)
  An adder (D:2)
  2 worms
  3 dart slugs (D:1)
  2 ball pythons
  2 giant cockroaches
  6 hobgoblins
  6 jackals
  12 kobolds
  A quokka (D:2)
  4 bats
  2 frilled lizards (D:3)
  9 goblins
  3 rats
57 creatures vanquished.

Notes
Turn   | Place    | Note
-------+----------+-------------------------------------------
     0 | D:1      | infcreate the Minotaur Fighter began the quest for the Orb.
     0 | D:1      | Reached XP level 1. HP: 19/19 MP: 0/0
   146 | D:1      | Reached XP level 2. HP: 27/27 MP: 1/1
   775 | D:2      | Reached XP level 3. HP: 16/33 MP: 2/2
  1534 | D:3      | Reached XP level 4. HP: 39/40 MP: 3/3
  2345 | D:4      | Noticed an ogre
  2354 | D:3      | HP: 1/41 [ogre/giant club (21)]
  2355 | D:3      | Demolished by an ogre

Skill      XL: |  1  2  3 |
---------------+----------+-----
Fighting       | 4 |  4.3
Shields        | 4 |  4.7
Armour         | 4 |  4.4
Axes           | 3 |  3.8

Action                   |  1- 3 |  4- 6 || total
-------------------------+-------+-------++-------
Melee: War axe           |    91 |    44 ||   135
       Headbutt          |     8 |     7 ||    15
  Use: Scroll            |     2 |       ||     2
  Eat: Chunk             |     2 |     2 ||     4
Armor: Scale mail        |    61 |    19 ||    80
Dodge: Dodged            |    40 |    16 ||    56
Block: Shield            |    58 |    28 ||    86
